 Dungeon Crawl Stone Soup version 0.26-a0-1126-g3318b609a0 (webtiles) character file.

Game seed: 10418106989672816282

536 kae the Insei (level 7, 0/55 HPs)
             Began as a Demonspawn Monk on Dec 17, 2020.
             Was a Believer of Makhleb.
             Slain by a leopard gecko (3 damage)
             ... on level 5 of the Dungeon.
             The game lasted 00:02:55 (6358 turns).

kae the Insei (Demonspawn Monk)                     Turns: 6358, Time: 00:02:55

Health: 0/55       AC:  4    Str: 13    XL:     7   Next: 4%
Magic:  7/7        EV: 14    Int: 11    God:    Makhleb [**....]
Gold:   231        SH:  0    Dex: 16    Spells: 6/6 levels left

rFire    . . .     SeeInvis .     - Unarmed
rCold    . . .     Faith    .   (no shield)
rNeg     . . .     Spirit   .   a - +0 robe
rPois    .         Reflect  .   (helmet restricted)
rElec    .         Harm     .   (no cloak)
rCorr    .         Rampage  .   (no gloves)
Will     .....                  j - +1 pair of boots
Stlth    ++........             (no amulet)
HPRegen  0.18/turn              (no ring)
MPRegen  0.10/turn              (no ring)

@: no status effects
A: antennae 2, foul stench 1, powered by death 1, miasma immunity
a: Renounce Religion, Minor Destruction


You were on level 5 of the Dungeon.
You worshipped Makhleb.
Makhleb was pleased with you.
You visited 1 branch of the dungeon, and saw 5 of its levels.

You collected 231 gold pieces.

Inventory:

Armour
 a - a +0 robe (worn)
 j - a +1 pair of boots (worn)
Wands
 e - a wand of flame (23)
 n - a wand of digging (4)
Scrolls
 b - 3 scrolls of identify
 c - a scroll of fog
 g - 2 scrolls of fear
 h - 3 scrolls of remove curse
 l - a scroll of teleportation {unknown}
 m - a scroll of enchant armour
 o - a scroll of enchant weapon
Potions
 d - a potion of attraction {unknown}
 f - a potion of lignification
 i - a potion of ambrosia {unknown}
 k - a potion of flight {unknown}


   Skills:
 + Level 4.8 Fighting
 - Level 4.0 Dodging
 - Level 1.7 Stealth
 * Level 5.7 Unarmed Combat


You had 6 spell levels left.
You didn't know any spells.
Your spell library contained the following spells:

 Spells                   Type           Power        Failure   Level
 Confusing Touch          Hex            0%           71%         3
 Gell's Gravitas          Tloc           0%           71%         3
 Petrify                  Tmut/Erth      0%           98%         4
 Metabolic Englaciation   Hex/Ice        0%           100%        5
 Yara's Violent Unravell  Hex/Tmut       0%           100%        5


Dungeon Overview and Level Annotations

Branches:
Dungeon (5/15)
 Temple: D:4-7

Altars:
Gozag
Kikubaaqudgha
Makhleb
Nemelex Xobeh
Yredelemnul


Innate Abilities, Weirdness & Mutations

You have a pair of antennae on your head.
You may emit foul miasma when damaged in melee.
You regenerate a little health from kills.
You are immune to miasma.


Message History

You hit the orc but do no damage.
The orc is moderately wounded.
The orc wizard misses you. The adder skeleton bites you.
* * * LOW HITPOINT WARNING * * *
The leopard gecko closely misses you. The orc closely misses you.
The orc wizard casts a spell at you. The puff of frost hits you!
* * * LOW HITPOINT WARNING * * *
You hit the orc.
You kill the orc!
Makhleb accepts your kill.
The adder skeleton completely misses you.
The orc wizard closely misses you.
The leopard gecko bites you but does no damage.
You punch the orc wizard!
The orc wizard is severely wounded.
The orc wizard hits you with a +0 dagger.
* * * LOW HITPOINT WARNING * * *
The adder skeleton barely misses you. The leopard gecko bites you.
You die...

#..........#
#..........#
#.......<..#
#........^.#
##..........#
..#........##
......Z)l...#
......o@....#
.......<....#
............#
............#
..#........##
# ##......##
########


You could see an orc wizard (fast, sick), a leopard gecko (sick) and an adder
skeleton.

Vanquished Creatures
  A phantom (D:4)
  An ogre (D:4)
  2 hounds
  An orc priest (D:2)
  2 worker ants (D:4)
  2 orc wizards
  5 adders
  2 oozes
  5 worms
  3 leopard geckos
  17 orcs
  8 bats
  4 giant cockroaches
  3 goblins (D:3)
  10 hobgoblins
  6 jackals
  6 kobolds
  2 quokkas
  A ball python (D:3)
  7 frilled lizards
  4 rats
92 creatures vanquished.

Notes
Turn   | Place    | Note
-------+----------+-------------------------------------------
     0 | D:1      | kae the Demonspawn Monk began the quest for the Orb.
     0 | D:1      | Reached XP level 1. HP: 18/18 MP: 1/1
   375 | D:1      | Reached skill level 3 in Unarmed Combat
   386 | D:1      | Gained mutation: You are immune to miasma. [demonic
                  | ancestry]
   386 | D:1      | Reached XP level 2. HP: 15/24 MP: 2/2
  1098 | D:1      | Found a sparkling altar of Nemelex Xobeh.
  1386 | D:2      | Found an ancient bone altar of Kikubaaqudgha.
  1386 | D:2      | Found an opulent altar of Gozag.
  1435 | D:2      | Gained mutation: You have a pair of small antennae on your
                  | head. [demonic ancestry]
  1435 | D:2      | Reached XP level 3. HP: 17/29 MP: 3/3
  1959 | D:2      | Found a basalt altar of Yredelemnul.
  2975 | D:3      | Reached XP level 4. HP: 35/35 MP: 4/4
  3124 | D:3      | HP: 1/37 [poisoned by an adder]
  3407 | D:3      | HP: 1/37 [something (4)]
  3410 | D:3      | Reached skill level 4 in Unarmed Combat
  3675 | D:3      | Found a burning altar of Makhleb.
  3887 | D:3      | Gained mutation: You have a pair of antennae on your head.
                  | [demonic ancestry]
  3887 | D:3      | Reached XP level 5. HP: 42/42 MP: 5/5
  3900 | D:3      | Became a worshipper of Makhleb the Destroyer
  3900 | D:3      | Reached * piety under Makhleb
  3900 | D:3      | Reached ** piety under Makhleb
  5097 | D:4      | Gained mutation: You may emit foul miasma when damaged in
                  | melee. [demonic ancestry]
  5097 | D:4      | Reached XP level 6. HP: 11/48 MP: 6/6
  5476 | D:4      | Found a sparkling altar of Nemelex Xobeh.
  5596 | D:4      | Reached skill level 5 in Unarmed Combat
  6307 | D:4      | Gained mutation: You regenerate a little health from kills.
                  | [demonic ancestry]
  6307 | D:4      | Reached XP level 7. HP: 51/55 MP: 7/7
  6339 | D:5      | Entered Level 5 of the Dungeon
  6358 | D:5      | Slain by a leopard gecko

Illustrated notes

Levels and vault maps discovered:
D:1:      kilobyte_arrival_exit_the_forest, layout_loops_corners,
          nemelex_diamond_rough_becter
D:2:      layout_basic, nicolae_overflow_hidden_temple,
          grunt_temple_overflow_open
D:3:      layout_basic, overflow_temple_1_default
D:4:      layout_loops_ring, nemelex_xobeh_ov_fountains_minmay
D:5:      layout_rooms, nicolae_overflow_crystal_walls,
          minmay_temple_entry_statues_pillars, minmay_misc_feat_tiny,
          solitary_fountain, grunt_decor_resistance

Skill      XL: |  1  2  3  4  5  6 |
---------------+-------------------+-----
Unarmed Combat | 3 4 5 |  5.7
Dodging        | 3 4 |  4.0
Fighting       | 4 |  4.8
Stealth        | |  1.7

Action                   |  1- 3 |  4- 6 |  7- 9 || total
-------------------------+-------+-------+-------++-------
Melee: Unarmed           |   148 |   242 |    18 ||   408
       Punch             |     1 |     2 |       ||     3
Evoke: Wand              |       |     1 |       ||     1
  Use: Scroll            |     7 |     1 |       ||     8
       Potion            |       |     3 |       ||     3
 Stab: Sleeping          |    10 |       |       ||    10
Armor: Robe              |    24 |    22 |    10 ||    56
Dodge: Dodged            |   110 |   153 |    33 ||   296

Table legend: (Time is in decaauts)
 A = Elapsed time spent in this place.
 B = Non-inter-level travel time spent in this place.
 C = Inter-level travel time spent in this place.
 D = Time resting spent in this place.
 E = Time spent auto-exploring this place.
 F = Levels seen in this place.
 G = Mean time per level.
                   A        B        C        D        E       F      G
               +--------+--------+--------+--------+--------+-----+--------+
         Total |   6342 |   6237 |    105 |    970 |   4492 |   5 | 1268.4 |
       Dungeon |   6342 |   6237 |    105 |    970 |   4492 |   5 | 1268.4 |
               +--------+--------+--------+--------+--------+-----+--------+

Top non-repeatable levels by time:
     D:2: 1982 daAuts
     D:3: 1667 daAuts
     D:4: 1342 daAuts
     D:1: 1333 daAuts
     D:5: 17 daAuts
